[Event "XXXV Magistral de Leon 2022"]
[Site "Leon"]
[Date "2022.07.09"]
[Round "1.1"]
[White "Gelfand, Boris"]
[Black "Esipenko, Andrey"]
[Result "0-1"]
[ECO "D38"]
[WhiteElo "2668"]
[BlackElo "2682"]
[Annotator "TA"]
[PlyCount "106"]
[EventDate "2022.07.08"]
[EventType "k.o."]
[EventCountry "ESP"]
[SourceTitle "playchess.com"]
[Source "ChessBase"]
[SourceQuality "1"]
[TimeControl "1200+10"]

1. d4 Nf6 2. c4 e6 3. Nf3 d5 4. Nc3 Bb4 5. e3 O-O 6. Be2 b6 7. O-O Bb7 8. a3 Bd6 9. b4 dxc4 10. Bxc4 a5 11. b5 {[%emt 0:00:30] E52: Nimzo-Indian: Rubinstein: 4...0-0 5 Nf3 d5 6 Bd3 b6.} Nbd7 12. Bb2 e5 {[%emt 0:00:56] [#]} 13. Be2 $146 {[%emt 0:01:03] White has an edge.} (13. a4 {looks sharper.} Re8 14. Ng5 Rf8 15. Re1) ({Predecessor:} 13. h3 Qe7 14. Re1 Rae8 15. Be2 exd4 16. Nxd4 Qe5 17. g3 Nc5 18. Bf3 Bxf3 19. Qxf3 Nd3 20. Re2 Qc5 21. Qc6 Qh5 22. Kg2 Ne5 {0-1 (22) Babula,V (2549)-Navara,D (2716) Pardubice 2014}) 13... Re8 14. dxe5 Nxe5 15. Nd4 Bc5 16. Nb3 (16. Na4 $5 ) 16... Bd6 17. Qc2 (17. Nd4 $11) 17... Qe7 $15 18. Qd1 h5 {[%emt 0:04:17][%cal Bh7h5,Bh5h4][%mdl 32] ...Neg4 is the strong threat.} 19. h3 {[%emt 0:00:12] Against Neg4} (19. Nd4 $17) 19... Ng6 $19 20. Bf3 {[%emt 0:02:18] [#]} Qe5 $1 21. g3 Bxf3 22. Qxf3 h4 23. Nd1 Qxb5 24. Nd4 Qd3 (24... Qa6 $19 {aiming for ...Ne4.} 25. Nf5 Ne4) 25. Qf5 $17 Re4 26. Nf3 hxg3 {[%emt 0:00:27] Hoping for ...Qd5. 0x0.00222dad6c5bdp-1022s more active pieces.} 27. Bxf6 gxf6 {[%emt 0:00:42] Dancing on a razor blade.} 28. fxg3 Bxg3 29. Ra2 (29. Qxf6 $17 {was worth a try.} Qc2 30. Nf2) 29... Rxe3 (29... Nh4 $1 $19 30. Nxh4 Bxh4 31. Rg2+ Kf8) 30. Nxe3 Qxe3+ 31. Kh1 {[%emt 0:00:02] Strongly threatening Rg2.} Qf4 $1 32. Qd5 Re8 33. Rg2 {[%emt 0:00:03] Black must now prevent Rfg1.} Re3 34. Nd2 Qh6 (34... Qh4 $1 $17 35. Rf3 Rxf3 36. Qxf3 Be5) 35. Qf5 {[%emt 0:00:12][%mdl 8192] Inhibits Nf4.} (35. Rxf6 $18 {is the narrow road to win.} Qg7 36. Qd8+ Qf8 37. Qd7) 35... Be5 (35... Nh4 $19 36. Qg4+ (36. Qc8+ $2 Kg7 $19) 36... Qg5) 36. Nf3 $15 Kg7 (36... Qf4 $17 37. Qxf4 Bxf4) 37. Qd7 {[%emt 0:00:38] Black converts the advantage convincingly.} (37. h4 $1 $11 {and White has nothing to worry.}) 37... Bd6 $1 $19 38. h4 Qh5 {[%emt 0:00:08] Against Qf5} ({Resist} 38... Bxa3 39. Rxg6+ $1 Qxg6 40. Rg1 $18) ({And not} 38... Rxa3 39. Rfg1 Kh8 40. Qe8+ (40. Qd8+ $2 Kh7 $19) 40... Kg7 41. Qd7 $11 (41. Rf1 $2 Rxf3 42. Rxf3 Qxh4+ 43. Kg1 Bc5+ 44. Rff2 Bxf2+ 45. Rxf2 Nf4 $19)) 39. Qg4 Qxg4 40. Rxg4 Kh6 ({Stronger than} 40... Bxa3 41. h5 $17) 41. Nd4 $2 (41. Ng1) 41... Kh5 42. Rg2 Rh3+ 43. Kg1 Bc5 44. Rf5+ Kh6 45. Rxc5 bxc5 {[%emt 0:00:01][%mdl 4096] Endgame KRN-KRN} 46. Nf5+ Kh7 47. Rc2 Nxh4 48. Nxh4 Rxh4 49. Rxc5 {[%emt 0:00:01] KR-KR} a4 {[%emt 0:00:26] Threatens to win with ...Rh3.} 50. Rxc7 (50. Kg2 $142 Rd4 51. Rh5+ Kg6 52. Ra5) 50... Rh3 51. Rxf7+ Kg6 52. Rb7 Rxa3 53. Rb4 Ra2 {[%emt 0:00:03] Weighted Error Value: White=0.80/Black=0.24 (precise)} (53... Ra1+ $142 54. Kg2 a3 55. Ra4 Kf5 56. Kh3 a2 57. Kg2 Ke6 58. Ra8 Kd7 59. Ra7+ Kc6 60. Ra8 Kb7 61. Ra5 f5 62. Ra4 Kb6 63. Ra8 Kc5 64. Rc8+ Kb6 65. Rc2 f4 66. Rf2 {[#]} Rg1+ $3 67. Kxg1 a1=Q+ 68. Kg2 Qg7+ 69. Kf1 Qc3 70. Rg2 f3 71. Rh2 Kc5 72. Kf2 Qe5 73. Rh7 Qe2+ 74. Kg3 f2 75. Rh1 Kd4 76. Rh8 f1=Q 77. Rd8+ Kc3 78. Rc8+ Kd2 79. Rd8+ Ke1 80. Rd1+ Kxd1 81. Kh4 Qeg2 82. Kh5 Qfh1#) 0-1

[Event "XXXV Magistral de Leon 2022"]
[Site "Leon"]
[Date "2022.07.09"]
[Round "1.2"]
[White "Esipenko, Andrey"]
[Black "Gelfand, Boris"]
[Result "0-1"]
[ECO "B30"]
[WhiteElo "2682"]
[BlackElo "2668"]
[Annotator "TA"]
[PlyCount "58"]
[EventDate "2022.07.08"]
[EventType "k.o."]
[EventCountry "ESP"]
[SourceTitle "playchess.com"]
[Source "ChessBase"]
[SourceQuality "1"]
[TimeControl "1200+10"]

1. e4 c5 2. Nf3 Nc6 3. Bb5 e6 4. O-O Nge7 5. b4 Nxb4 6. c3 {[%emt 0:00:03] [#] B30: Sicilian: 2...Nc6 3 Bb5, lines without ...g6.} a6 $146 ({Predecessor:} 6... Nbc6 7. d4 cxd4 8. cxd4 a6 9. Bd3 d5 10. Nc3 Ng6 11. exd5 exd5 12. Ng5 Be7 {1-0 (52) Schurade,M (2335)-Paoli,E (2200) Olomouc 1986}) 7. cxb4 {[%emt 0:00:27] Hoping for Be2.} axb5 8. bxc5 {[%emt 0:00:02] The position is equal.} b6 9. d4 bxc5 10. dxc5 Nc6 {[%emt 0:01:23] White must now prevent ...Qf6.} 11. Be3 Be7 12. e5 {[%emt 0:03:20] Against Bf6} f5 13. Nc3 Ba6 14. Re1 O-O 15. Ne2 (15. a3 $15) 15... Qc7 16. Nf4 Na5 (16... Bb7 $17 {Threatens to win with ...g5.} 17. h3 Nb4) 17. h4 {[%emt 0:00:12] Against g5} (17. Nd4 $1 $11 {keeps the balance.}) 17... Nc4 $17 18. Bd4 Bb7 19. Ng5 Bxg5 20. hxg5 Ra4 {[%emt 0:00:01] Black is more active.} 21. Qb3 (21. g6 $17 h6 22. Qd3) 21... Bc6 22. Re2 (22. g6 $142 h6 23. Qg3) 22... Ra3 $19 23. Qd1 (23. Qc2 $142) 23... Qd8 24. g6 Qh4 25. Qc1 (25. Be3 $142 Nxe5 26. Qd6 (26. Bc1 $2 Nf3+ 27. gxf3 Bxf3 $19) 26... Nf3+ 27. gxf3 Bxf3 28. Ng2) 25... hxg6 26. Bb2 {[%emt 0:00:18] [#]} g5 $1 27. Ng6 Qh5 {[%emt 0:00:48][%csl LRe2,LRg6] ( -> ...Bxg2)} 28. Ne7+ Kf7 29. Nxc6 {[%emt 0:00:15] [#]} Rh8 $1 {[%emt 0:00:21] Weighted Error Value: White=0.78/Black=0.18 (very precise)} 0-1

[Event "XXXV Magistral de Leon 2022"]
[Site "Leon"]
[Date "2022.07.09"]
[Round "1.3"]
[White "Gelfand, Boris"]
[Black "Esipenko, Andrey"]
[Result "1/2-1/2"]
[ECO "D38"]
[WhiteElo "2668"]
[BlackElo "2682"]
[Annotator "TA"]
[PlyCount "63"]
[EventDate "2022.07.08"]
[EventType "k.o."]
[EventCountry "ESP"]
[SourceTitle "playchess.com"]
[Source "ChessBase"]
[SourceQuality "1"]
[TimeControl "1200+10"]

1. d4 Nf6 2. c4 e6 3. Nf3 d5 4. Nc3 Bb4 5. e3 O-O 6. Be2 b6 {[%emt 0:00:15] E50: Nimzo-Indian: Rubinstein: 4...0-0 5 Nf3.} 7. O-O Bb7 8. a3 Be7 9. b4 dxc4 10. Bxc4 c5 11. dxc5 bxc5 {[%emt 0:00:01] [#]} 12. b5 $146 ({Predecessor:} 12. Qxd8 Rxd8 13. b5 a6 14. Bb2 axb5 15. Bxb5 Nc6 16. Rfd1 Nd5 17. Nd2 Na5 18. Rab1 {½-½ (30) Ovsejevitsch,S (2600)-Bokros,A (2486) Zalakaros 2010}) 12... a6 13. Bb2 axb5 14. Bxb5 Qc7 15. Qe2 Nc6 (15... Ng4 {is more complex.} 16. g3 Nc6 17. Nd2 Rfd8) 16. Rfd1 Rfd8 17. h3 Na5 18. Rxd8+ Rxd8 19. Rd1 Nd5 20. Nxd5 exd5 21. a4 Nc4 22. Bxc4 dxc4 23. Ne5 Ba6 (23... Rxd1+ $11 24. Qxd1 f6 25. Nxc4 Qc6) 24. Rxd8+ $14 Bxd8 25. Nxc4 {[%emt 0:04:59] White is more active.} Qd7 26. Qd2 (26. Qc2 {looks sharper.} h6 27. Nd2 Ba5 28. Nb3) 26... Qxd2 {[%emt 0:01:21] The position is equal.} 27. Nxd2 $11 {[%emt 0:00:01] KBB-KBN} Ba5 28. Ne4 Bb4 29. Nc3 Bc4 30. f3 Bb3 31. Kf2 Bxc3 32. Bxc3 {Weighted Error Value: White=0.05 (flawless) /Black=0.06 (flawless)} 1/2-1/2

[Event "XXXV Magistral de Leon 2022"]
[Site "Leon"]
[Date "2022.07.09"]
[Round "1.4"]
[White "Esipenko, Andrey"]
[Black "Gelfand, Boris"]
[Result "1/2-1/2"]
[ECO "B30"]
[WhiteElo "2682"]
[BlackElo "2668"]
[Annotator "TA"]
[PlyCount "92"]
[EventDate "2022.07.08"]
[EventType "k.o."]
[EventCountry "ESP"]
[SourceTitle "playchess.com"]
[Source "ChessBase"]
[SourceQuality "1"]
[TimeControl "1200+10"]

1. e4 c5 2. Nf3 Nc6 3. Bb5 e6 4. Bxc6 bxc6 5. d3 Ne7 6. Nbd2 {[%emt 0:00:03] B30: Sicilian: 2...Nc6 3 Bb5, lines without ...g6.} f6 7. Nh4 {[%emt 0:02:27][%cal Oe4e5] [#]} d5 $146 ({Predecessor:} 7... e5 8. O-O d6 9. f4 exf4 10. Rxf4 Be6 11. b3 Qd7 12. Bb2 O-O-O 13. Rf1 d5 {½-½ (34) Hakobyan,A (2615)-Smirin,I (2603) Saint Louis 2022}) 8. f4 {[%emt 0:01:11] White has an edge.} c4 9. dxc4 Qb6 10. Qf3 {[%emt 0:02:23] Against Qe3+} Rg8 11. a4 Ba6 12. Qc3 ({White should try} 12. a5 $14 Qc5 13. b3) 12... Ng6 13. a5 Qb4 {[%emt 0:02:00] [#] And now ...Qxc3 would win.} 14. Qxb4 Bxb4 15. Nxg6 hxg6 16. Ra4 $36 {[%emt 0:01:33][%mdl 2048] White has the initiative.} Bd6 17. exd5 exd5 18. cxd5 O-O-O (18... cxd5 $11 19. Kf2 Kf7) 19. Ne4 $14 ({Much worse is} 19. dxc6 Rge8+ 20. Kf2 Bc5+ 21. Kg3 Re3+ 22. Nf3 Re2 $17) 19... Rge8 {[%emt 0:00:06] Hoping for ...Bb5.} 20. Kf2 ({Avoid the trap} 20. dxc6 $2 Bb5 21. Rd4 Bc5 22. Rxd8+ Kxd8 $19) 20... Bf8 {[%emt 0:02:08] aiming for ...Bb5. This bishop pair is nice.} 21. d6 $1 ({Don't play} 21. dxc6 Bb5 22. Nc3 Bxa4 23. Nxa4 Rd5 $15) 21... Bxd6 22. Nxd6+ Rxd6 {[%emt 0:00:02] [#]} 23. Be3 $1 c5 24. Re1 Bb5 25. Raa1 a6 26. Rad1 Rxd1 27. Rxd1 $16 {[%emt 0:00:01][%mdl 4096] Endgame KRB-KRB} c4 28. c3 Rd8 29. Rxd8+ Kxd8 {[%emt 0:00:01] KB-KB} 30. Bc5 Ke8 31. g4 Kf7 32. g5 Ke6 33. h4 Kf5 34. Kg3 fxg5 35. fxg5 Ke4 36. Bd4 Ba4 37. Bxg7 Bd1 38. Kf2 Bh5 39. Bd4 {[%emt 0:00:12] White is better.} Kd3 40. Bc5 Ke4 41. Kg3 Bd1 42. Be7 Bh5 43. Bf8 Bd1 44. Bg7 Bh5 45. Bh8 Bd1 46. Bf6 Bh5 {[%emt 0:00:11] Weighted Error Value: White=0.07 (flawless) /Black=0.09 (flawless)} 1/2-1/2

[Event "XXXV Magistral de Leon 2022"]
[Site "Leon"]
[Date "2022.07.09"]
[Round "1.5"]
[White "Esipenko, Andrey"]
[Black "Gelfand, Boris"]
[Result "0-1"]
[ECO "B30"]
[WhiteElo "2682"]
[BlackElo "2668"]
[Annotator "TA"]
[PlyCount "114"]
[EventDate "2022.07.08"]
[EventType "k.o."]
[EventCountry "ESP"]
[SourceTitle "playchess.com"]
[Source "ChessBase"]
[SourceQuality "1"]
[TimeControl "300+3"]

1. e4 c5 2. Nf3 Nc6 3. Bb5 e6 4. O-O Nge7 5. d4 cxd4 6. Nxd4 Ng6 {[%emt 0:00:03] B30: Sicilian: 2...Nc6 3 Bb5, lines without ...g6.} 7. Be2 Be7 8. c4 O-O {[%emt 0:00:03] The position is equal.} 9. Nc3 b6 10. Nb3 Bb7 11. Be3 Qc7 (11... Bf6 $11) 12. f4 $14 Rad8 {[%emt 0:00:06] [#]} 13. g3 $146 ({Predecessor:} 13. Rc1 Qb8 14. Qd2 d6 15. g3 Rfe8 16. Bf3 Bf6 17. Rfd1 Nf8 18. Bf2 Be7 19. Qe2 {0-1 (53) Leko,P (2663)-Gelfand,B (2676) chess24.com INT 2020}) 13... d6 14. Rc1 Qb8 15. Bf3 Rfe8 16. Qe2 Bf6 17. Rfd1 Nf8 18. Qd2 Be7 19. Bg2 Nd7 20. Nd4 Nf6 21. Qe2 Bf8 22. Nb3 Qa8 23. g4 Qb8 24. g5 Nd7 25. h4 Nc5 26. h5 g6 27. h6 $36 {[%emt 0:00:04][%mdl 2048] Black is under pressure.} Be7 28. Qg4 Rf8 29. Qg3 Rfe8 (29... f6 $11 {remains equal.}) 30. Nd4 $16 Nxd4 31. Bxd4 e5 32. Be3 exf4 33. Bxf4 Ne6 (33... Rd7 $142) 34. Be3 Rc8 35. Nd5 Bxd5 36. cxd5 ({Better is} 36. exd5 $16 Nc5 37. Bd4) 36... Rxc1 $14 37. Rxc1 Nc5 38. Qf4 $2 (38. Bf4 $11 {and White stays safe.}) 38... Nd3 $1 $19 39. Qf1 Nxc1 40. Qxc1 Qc8 {[%emt 0:00:03] Hoping for ...Qxc1+.} 41. Qd1 Bf8 (41... Qc4 $19 {aiming for ...Rc8.} 42. Kh2 Rc8) 42. Bd4 (42. Kh2 $17 {might work better.}) 42... Qd8 43. Qd2 Be7 44. Be3 {[%emt 0:00:01] [#]} f6 (44... Qd7 $1 $19 {Strongly threatening ...f6.} 45. Qd4 Bf8) 45. Bh3 $2 (45. Qd4 $15) 45... fxg5 46. Be6+ Kh8 47. Bd4+ Bf6 48. Qc3 Rf8 {[%emt 0:00:02] Black is clearly winning.} 49. e5 (49. Kg2 $142 Bxd4 50. Qxd4+ Qf6 51. Qc3) 49... dxe5 50. Bxe5 (50. Bf2 $142 e4 51. Qc4) 50... Bxe5 51. Qxe5+ Qf6 52. Qxf6+ Rxf6 53. Kg2 {[%emt 0:00:02] [#]} Rxe6 $1 54. dxe6 {[%emt 0:00:02] KP-KP} Kg8 55. Kf3 Kf8 56. Kg4 Ke7 57. Kxg5 Kxe6 {Weighted Error Value: White=0.63/Black=0.21 (precise)} 0-1

[Event "XXXV Magistral de Leon 2022"]
[Site "Leon"]
[Date "2022.07.09"]
[Round "1.6"]
[White "Gelfand, Boris"]
[Black "Esipenko, Andrey"]
[Result "0-1"]
[ECO "D38"]
[WhiteElo "2668"]
[BlackElo "2682"]
[Annotator "TA"]
[PlyCount "80"]
[EventDate "2022.07.08"]
[EventType "k.o."]
[EventCountry "ESP"]
[SourceTitle "playchess.com"]
[Source "ChessBase"]
[SourceQuality "1"]
[TimeControl "300+3"]

1. d4 Nf6 2. c4 e6 3. Nf3 d5 4. Nc3 Bb4 5. e3 O-O 6. Be2 b6 {[%emt 0:00:03] E50: Nimzo-Indian: Rubinstein: 4...0-0 5 Nf3.} 7. O-O Bb7 8. a3 Bd6 {[%emt 0:00:01] The position is equal.} 9. b4 a5 10. b5 {[%emt 0:00:04] [#]} Ne4 $146 ({Predecessor:} 10... Nbd7 11. cxd5 exd5 12. Qb3 Ne4 13. a4 Re8 14. Ba3 Ndf6 15. Nxe4 dxe4 16. Nd2 Nd5 {0-1 (39) Djuric,S (2500)-Nikolac,J (2465) Pula 1984}) 11. Bb2 Nd7 12. Qc2 Qe7 13. a4 f5 14. cxd5 exd5 15. Qb3 Qe6 16. Ba3 Kh8 17. Bxd6 (17. Rfc1 {is more complex.} Rac8 18. Rc2 Qe7 19. Bd3) 17... cxd6 18. Rac1 Ndf6 19. Rc2 Rae8 20. Nxe4 fxe4 21. Nd2 Qf7 22. Qa3 Re6 23. Qc1 Re7 24. Rc3 h6 25. Qa3 Qe6 26. Qc1 Bc8 (26... Qf7 $11 {keeps the balance.}) 27. Rc7 (27. Rc6 $16) 27... Nh7 ({Black should play} 27... Bb7 $1 $14) 28. Qc6 $18 Rxc7 $2 (28... Bd7 29. Qxb6 Qg6) 29. Qxc7 Qg6 {[%emt 0:00:03] [#] Hoping for ...Bh3.} 30. Qxb6 $4 (30. Kh1 $18) 30... Bh3 $1 $19 31. g3 Bxf1 32. Bxf1 Qf5 33. f4 exf3 34. Qxa5 Ng5 35. Qb4 f2+ 36. Kg2 Ne4 {[%emt 0:00:08] [#] ( -> ...Nxd2)} 37. Nxe4 Qxe4+ 38. Kh3 Qf5+ 39. Kg2 Qf3+ 40. Kh3 Rf5 {[%emt 0:00:01] Weighted Error Value: White=0.59/Black=0.38} 0-1

[Event "XXXV Magistral de Leon 2022"]
[Site "Leon"]
[Date "2022.07.10"]
[Round "2.2"]
[White "Anand, Viswanathan"]
[Black "Gelfand, Boris"]
[Result "0-1"]
[ECO "B30"]
[WhiteElo "2756"]
[BlackElo "2668"]
[Annotator "TA"]
[PlyCount "103"]
[EventDate "2022.07.08"]
[EventType "k.o."]
[EventCountry "ESP"]
[SourceTitle "playchess.com"]
[Source "ChessBase"]
[SourceQuality "1"]
[TimeControl "900+10"]

1. e4 c5 2. Nf3 Nc6 3. Bb5 e6 4. O-O Nge7 5. d4 cxd4 6. Nxd4 Ng6 {B30: Sicilian: 2...Nc6 3 Bb5, lines without ...g6.} 7. Be2 Be7 8. c4 O-O {[%emt 0:00:00] White has an edge.} 9. Nc3 b6 10. Be3 Bb7 11. Nb3 Qc7 ({Black should play} 11... Bf6 $11) 12. Rc1 (12. f4 $14) 12... Rad8 13. f4 Qb8 {[%emt 0:00:00] [#]} 14. g3 $146 (14. f5 {looks sharper.} Nge5 15. Qe1 Nb4 16. Bf4) ({Predecessor:} 14. Qd2 d6 15. g3 Rfe8 16. Bf3 Bf6 17. Rfd1 Nf8 18. Bf2 Be7 19. Qe2 Nd7 20. Nd2 {0-1 (53) Leko,P (2663)-Gelfand,B (2676) chess24.com INT 2020}) 14... Rfe8 15. Bf3 d6 16. Nd4 (16. Qd2 $14) 16... Nxd4 $11 17. Qxd4 (17. Bxd4 $11 e5 18. Be3) 17... d5 $1 $17 18. cxd5 ({Not} 18. exd5 $2 exd5 19. Nxd5 (19. cxd5 $2 Bc5 $19) 19... Bc5 $19) 18... Bc5 19. Qd2 (19. Qd3 $17 exd5 20. Bxc5 dxe4 21. Qc4) 19... Bxe3+ $2 (19... exd5 $1 $19 20. Bxc5 dxe4) 20. Qxe3 $11 exd5 {[%emt 0:00:00] And now ...d4 would win.} 21. Rfd1 (21. Rcd1 $5 ) 21... dxe4 22. Nxe4 Kh8 (22... h6 $15 {deserves consideration.}) 23. f5 (23. Rxd8 $11 Rxd8 24. Nd6 $1 Qxd6 25. Bxb7) 23... Ne5 $17 24. Bg2 f6 25. Rxd8 Qxd8 26. h3 (26. Nd6 $17 Bxg2 27. Qxe5 (27. Nxe8 $2 Bc6 $19) 27... Rxe5 28. Nf7+ Kg8 29. Nxd8) 26... h6 $19 {[%emt 0:00:02] Strongly threatening ...Nf7.} 27. Kh2 $2 (27. Qc3 {keeps fighting.}) 27... Qd3 $2 (27... Bxe4 $19 28. Bxe4 {[#]} Nf3+ $1 29. Qxf3 Qd2+ 30. Qg2 Qxc1) 28. Qxd3 $11 Nxd3 29. Rc3 $2 {[%emt 0:00:04] Black converts the advantage convincingly.} Bxe4 $19 30. Bxe4 Rxe4 31. Rxd3 {[%emt 0:00:01][%mdl 4096] Endgame KR-KR} Re2+ 32. Kg1 Rxb2 33. a3 a5 34. Rd8+ Kh7 35. a4 h5 36. h4 $2 (36. Rd3) 36... Rb4 {[%emt 0:00:24] Black is clearly winning.} 37. Rb8 Rxa4 {[%emt 0:00:01] ...Rb4 is the strong threat.} 38. Rxb6 Rb4 {[%emt 0:00:03] Prevents Rb2.} 39. Ra6 Rb5 40. Kg2 Rxf5 41. Ra7 Kh6 42. Ra8 g5 43. hxg5+ fxg5 44. g4 hxg4 {[%emt 0:00:02] Threatens to win with ...Rb5.} 45. Kg3 Kh5 46. Rh8+ Kg6 47. Kxg4 Rf4+ 48. Kg3 a4 49. Ra8 Rc4 50. Kf3 g4+ 51. Kg3 Kf5 52. Ra5+ {[%emt 0:00:06] Weighted Error Value: White=0.79/Black=0.32} 0-1

[Event "XXXV Magistral de Leon 2022"]
[Site "Leon"]
[Date "2022.07.10"]
[Round "2.3"]
[White "Gelfand, Boris"]
[Black "Anand, Viswanathan"]
[Result "1-0"]
[ECO "E04"]
[WhiteElo "2668"]
[BlackElo "2756"]
[Annotator "TA"]
[PlyCount "69"]
[EventDate "2022.07.08"]
[EventType "k.o."]
[EventCountry "ESP"]
[SourceTitle "playchess.com"]
[Source "ChessBase"]
[SourceQuality "1"]
[TimeControl "900+10"]

1. d4 Nf6 2. c4 e6 3. Nf3 d5 4. g3 dxc4 5. Bg2 c5 6. O-O Nc6 7. Ne5 Bd7 8. Nxc4 cxd4 9. Bf4 Nd5 10. Nd6+ Bxd6 11. Bxd6 Nde7 12. Nd2 O-O 13. Qb3 {[%emt 0:00:00][%mdl 1024] White has compensation.} Bc8 {[%emt 0:00:00] E04: Open Catalan: 5 Nf3.} 14. Nc4 e5 {[%emt 0:00:00] [#]} 15. Rac1 $146 ({Much worse is} 15. Bxe5 Be6 16. Bd6 Bxc4 17. Bxe7 Bxb3 $15) ({Predecessor:} 15. Qa3 Re8 16. Nxe5 Nxe5 17. Bxe5 Nc6 18. Bxc6 bxc6 19. Qc5 Qe7 20. Qxe7 Rxe7 21. Bxd4 Rxe2 {1-0 (50) Razuvaev,Y (2585)-Unzicker,W (2480) Germany 1991}) 15... Re8 {[%emt 0:00:00] The position is equal.} 16. Ba3 {[%emt 0:00:00] Threatens to win with Nd6. A strong pair of Bishops.} Nf5 {[%emt 0:00:00] Against Nd6} 17. Be4 {[%emt 0:00:00] Strongly threatening Bxf5.} Qc7 18. Qf3 g6 19. g4 Ng7 20. Nd6 Re6 (20... Rd8 $14) 21. Bxc6 $18 bxc6 22. Qxc6 (22. Rxc6 $18 e4 23. Qf4 $1 (23. Rxc7 exf3 24. Nxc8 fxe2 $16)) 22... Qxc6 $16 23. Rxc6 Bb7 24. Rc7 Ba6 25. Nxf7 {[%emt 0:00:34] White is more active.} Bxe2 26. Nh6+ Kh8 27. Nf7+ Kg8 28. Nh6+ Kh8 {[%emt 0:00:01] [#]} 29. Rfc1 $1 {[%emt 0:00:01] White wants to play Nf7+.} d3 $1 30. Bb4 {[%emt 0:03:06] aiming for R1c5.} g5 $2 (30... Ne8 $1 $11 {and Black stays safe.}) 31. Nf7+ $18 Kg8 32. Nxg5 Ree8 (32... a5 {was necessary.}) 33. Ne4 Red8 34. Nf6+ Kh8 35. Bd2 {[%emt 0:00:01] Weighted Error Value: White=0.20 (precise) /Black=0.45} 1-0

[Event "XXXV Magistral de Leon 2022"]
[Site "Leon"]
[Date "2022.07.10"]
[Round "2.4"]
[White "Anand, Viswanathan"]
[Black "Gelfand, Boris"]
[Result "1-0"]
[ECO "B30"]
[WhiteElo "2756"]
[BlackElo "2668"]
[Annotator "TA"]
[PlyCount "69"]
[EventDate "2022.07.08"]
[EventType "k.o."]
[EventCountry "ESP"]
[SourceTitle "playchess.com"]
[Source "ChessBase"]
[SourceQuality "1"]
[TimeControl "900+10"]

1. e4 {[%emt 0:00:00] Szabo,Kr} c5 2. Nf3 Nc6 3. Bb5 e6 4. Bxc6 bxc6 5. d3 Ne7 (5... Qc7 6. O-O Ne7 7. h4 e5 8. h5 h6 9. Nh2 d6 10. f4 exf4 11. Bxf4 g5 12. Bd2 Bg7 13. Bc3 O-O 14. Bxg7 Kxg7 15. Qd2 {1-0 (49) Anand,V (2753)-Gelfand,B (2676) chess24.com INT 2020}) 6. Nbd2 {[%emt 0:00:00][%cal Bb1d2,Bd2f1,Bf1g3,Bg3f5][%mdl 32] B30: Sicilian: 2...Nc6 3 Bb5, lines without ...g6.} Qc7 7. h4 e5 8. h5 {[%emt 0:00:00][%cal Oh5h6] The position is equal.} f6 {[%emt 0:00:00] [#]} 9. Nf1 $146 ({Predecessor:} 9. Nh4 g5 10. Nhf3 d6 11. Nf1 h6 12. Ne3 f5 13. g4 fxg4 14. Nh2 Bg7 15. Nexg4 {1-0 (37) Solak,D (2618)-Grischuk,A (2785) Warsaw 2013 CBM 158 [Szabo,Kr]}) 9... d5 10. c4 Be6 11. b3 O-O-O 12. Qe2 g5 (12... Kb8 $11) 13. hxg6 Nxg6 14. Ng3 (14. Nh4 $5 Rg8 15. Nxg6 hxg6 16. exd5 cxd5 17. cxd5 Bxd5 18. Ne3 $11) 14... dxc4 15. dxc4 Nf4 (15... Bg4 $1 $11) 16. Bxf4 $14 exf4 17. Nf5 Rg8 18. Kf1 Bd6 19. Rd1 ({White should play} 19. Nxd6+ $16 Qxd6 20. Ng1 (20. Rxh7 Rh8 $11)) 19... Bxf5 20. exf5 Qg7 21. Ne1 Bc7 22. Rxd8+ Rxd8 23. Rh3 Kb7 {[%emt 0:02:35] [#]} 24. Nd3 $1 Qf8 25. Rxh7 {[%emt 0:01:30] Threatens to win with Nxf4.} Qd6 26. Ne1 {[%emt 0:02:14] White is much more active.} Kb8 (26... Rd7 $16 27. Rxd7 Qxd7) 27. Qe6 Qe5 (27... Qxe6 $142 28. fxe6 Re8) 28. Qxe5 $18 ({Not} 28. Qxc6 Re8 29. Nc2 Qe2+ 30. Kg1 Rc8 $11) 28... Bxe5 {[%emt 0:00:01][%mdl 4096] Endgame KRB-KRN} 29. Ke2 {[%emt 0:00:28] Against Rd1} Bc3 {[%emt 0:00:52] [#] ...Re8+ is the strong threat.} 30. Nd3 f3+ 31. gxf3 Re8+ 32. Kf1 Bd4 33. Nf4 Re5 (33... Rd8 $142 34. Ne6 Rd6) 34. Ne6 {[%emt 0:00:23] Strongly threatening Nd8.} Rxf5 (34... Bc3 $142 35. Nd8 Kc8) 35. f4 {[%emt 0:00:04] Weighted Error Value: White=0.05 (flawless) /Black=0.25 (precise)} 1-0